 Dungeon Crawl Stone Soup version 0.29-a0-356-g7bc237e783 (webtiles) character file.

Game seed: 14296804642461483930

4010 NateTC the Cleaver (level 10, -5/93 HPs)
             Began as a Minotaur Fighter on Apr 26, 2022.
             Was an Initiate of Gozag.
             Slain by an ice devil (12 damage)
             ... on level 8 of the Dungeon on Apr 27, 2022.
             The game lasted 00:37:27 (8901 turns).

NateTC the Cleaver (Minotaur Fighter)               Turns: 8901, Time: 00:37:28

Health: -5/93      AC: 15    Str: 25    XL:     10   Next: 3%
Magic:  9/9        EV:  8    Int:  5    God:    Gozag
Gold:   855        SH:  5    Dex: 10    Spells: 9/9 levels left

rFire   x . .      SeeInvis .   a - +1 war axe (drain)
rCold   . . .      Faith    .   c - +0 buckler
rNeg    . . .      Spirit   .   A - +0 chain mail
rPois   .          Reflect  .   (helmet restricted)
rElec   +          Harm     .   (no cloak)
rCorr   .          Rampage  .   (no gloves)
Will    .....                   y - +4 pair of boots "Aradych" {+Blink rElec rF- Stlth-}
Stlth   ..........              f - amulet of the acrobat
HPRegen 0.25/turn               (no ring)
MPRegen 0.11/turn               (no ring)

@: about to teleport
A: horns 2, retaliatory headbutt
a: Renounce Religion, Evoke Blink, Potion Petition, Call Merchant, Bribe Branch


You were on level 8 of the Dungeon.
You worshipped Gozag.
Gozag was pleased with you.
You visited 1 branch of the dungeon, and saw 8 of its levels.
You also visited: Ossuary.

You collected 908 gold pieces.
You paid 53 gold pieces to Gozag.

Inventory:

Hand Weapons
 a - a +1 war axe of draining (weapon)
Armour
 c - a +0 buckler (worn)
 y - the +4 pair of boots "Aradych" (worn) {+Blink rElec rF- Stlth-}
   (You found it on level 4 of the Dungeon)

   rF:        It makes you vulnerable to fire.
   rElec:     It insulates you from electricity.
   +Blink:    It lets you blink.
   Stlth:     It makes you less stealthy.
 A - a +0 chain mail (worn)
Jewellery
 f - an amulet of the acrobat (around neck)
 v - a ring of ice
 D - a ring of fire
Wands
 t - a wand of iceblast (11)
 u - a wand of paralysis (2)
 w - a wand of mindburst (5)
 E - a wand of flame (28)
Scrolls
 b - a scroll of torment {unknown}
 n - 5 scrolls of fear
 o - 2 scrolls of enchant armour
 q - 2 scrolls of teleportation
 r - 3 scrolls of vulnerability
 s - a scroll of noise
 z - a scroll of amnesia
 B - a scroll of acquirement {unknown}
 C - 2 scrolls of identify
 F - a scroll of blinking
Potions
 d - 2 potions of might
 e - a potion of ambrosia
 h - 3 potions of cancellation {unknown}
 i - 4 potions of curing
 j - 2 potions of magic {unknown}
 k - 2 potions of lignification {unknown}
 l - 3 potions of resistance {unknown}
 m - 2 potions of flight {unknown}
 p - 4 potions of brilliance {unknown}
 x - 2 potions of haste {unknown}


   Skills:
 * Level 9.9 Fighting
 - Level 12.4 Axes
 + Level 6.6 Armour
 + Level 7.0 Shields


You had 9 spell levels left.
You didn't know any spells.
Your spell library contained the following spells:

 Spells                   Type           Power      Damage    Failure   Level
 Beastly Appendage        Tmut           0%         N/A       99%         1
 Wereblood                Tmut           0%         N/A       99%         2
 Confusing Touch          Hex            0%         N/A       100%        3
 Conjure Flame            Conj/Fire      0%         6-21      100%        3
 Frozen Ramparts          Ice            0%         1d2       100%        3
 Ignite Poison            Fire/Tmut/Pois 0%         N/A       100%        3
 Inner Flame              Hex/Fire       0%         N/A       100%        3
 Ozocubu's Armour         Ice            0%         N/A       100%        3
 Spider Form              Tmut/Pois      0%         N/A       100%        3
 Tukima's Dance           Hex            0%         N/A       100%        3
 Cause Fear               Hex            0%         N/A       100%        4
 Leda's Liquefaction      Hex/Erth       0%         N/A       100%        4
 Petrify                  Tmut/Erth      0%         N/A       100%        4
 Sticky Flame             Conj/Fire      0%         2d3       100%        4
 Metabolic Englaciation   Hex/Ice        0%         N/A       100%        5
 Yara's Violent Unravell  Hex/Tmut       0%         3d3       100%        5
 Statue Form              Tmut/Erth      0%         N/A       100%        6
 Enfeeble                 Hex            0%         N/A       100%        7
 Ozocubu's Refrigeration  Ice            0%         4d5       100%        7
 Discord                  Hex            0%         N/A       100%        8


Dungeon Overview and Level Annotations

Branches:
Dungeon (8/15)             Temple (0/1) D:5         Ossuary (visited)
   Lair: D:8-11

Altars:
Dithmenos
Elyvilon
Gozag
Makhleb
Sif Muna
Wu Jian

Shops:
D:2 =   D:5 *

Annotations:
D:4 2 runed translucent doors


Innate Abilities, Weirdness & Mutations

You have a pair of horns on your head.
You reflexively headbutt those who attack you in melee.


Message History

The freezing wraith is lightly damaged.
You hit the ice devil but do no damage. You slash the ice devil!
The freezing wraith hits you! The freezing wraith freezes you!
The freezing wraith barely misses you. You block the ice devil's attack.
You hit the freezing wraith.
Your headbutt misses the freezing wraith.
The freezing wraith is lightly damaged.
You hit the ice devil. x2; You block the ice devil's attack.
The freezing wraith hits you but does no damage. x2
A white imp comes into view.
An ice devil comes into view.
The ice devil completely misses you. You block the freezing wraith's attack.
The freezing wraith hits you but does no damage.
The freezing wraith attacks as you move away!
You block the freezing wraith's attack. The freezing wraith barely misses you.
The ice devil misses you. You furiously retaliate!
You headbutt the ice devil, but do no damage.
There is a huge open gate here.
You see here 4 gold pieces.
You hit the ice devil.
You headbutt the ice devil, but do no damage.
The ice devil is lightly wounded.
You hit the freezing wraith but do no damage.
You hit the ice devil. The ice devil hits you! The ice devil freezes you!
The freezing wraith completely misses you.
The freezing wraith barely misses you. The ice devil hits you.
The ice devil freezes you!
* * * LOW HITPOINT WARNING * * *
Okay, then.
You feel much better. You block the ice devil's attack.
The ice devil misses you. The ice devil closely misses you.
As you read the scroll of teleportation, it crumbles to dust.
You feel strangely unstable. The ice devil hits you.
The ice devil freezes you!!
* * * LOW HITPOINT WARNING * * *
The ice devil hits you.
* * * LOW HITPOINT WARNING * * *
The ice devil freezes you!
You die...
Your body crumbles into a pile of gold.

..# ... #######.#.##.#
..##### .
#..###.....#.#.##.#
......#
..###..##.........))).#
......#
...?....#.......##.##.#
......#
....4...#......)##.##.#
...####
#≈≈#...#.......##.)..#
...#
#≈...$.#####.####..#
..(# #≈#.4W..).....#
..# ...#
#≈W.@..####.... ..#
.#.#
#≈.44....###.###.##
...# #≈5#..##.#......
.# .....5..# .#..##.#
## .........# #. ...
#.?###..## #.#### #..
#..# .# #. ...# # $


You could see 4 ice devils, 2 freezing wraiths and 2 white imps.

Vanquished Creatures
  6 yaks (D:8)
  A wyvern (D:4)
  2 steam dragons
  A water moccasin (D:7)
  An orc warrior (D:4)
  A black bear (D:5)
  2 ice beasts
  3 ogres
  A centaur (D:8)
  2 phantoms
  2 elf zombies (Ossuary)
  A kobold brigand (D:8)
  3 scorpions
  A gnoll sergeant (D:8)
  5 wights
  6 centaur zombies (Ossuary)
  A jelly (D:6)
  3 orc priests
  4 human zombies (Ossuary)
  3 hounds
  6 iguanas
  5 orc wizards
  3 mummies (Ossuary)
  8 gnolls
  5 adders
  3 shadow imps
  2 white imps (D:8)
  An ufetubus (D:7)
  4 worms
  3 dart slugs
  18 orcs
  4 bats
  7 endoplasms
  7 giant cockroaches
  7 goblins
  7 hobgoblins
  4 jackals (D:1)
  4 quokkas
  12 ball pythons
  3 frilled lizards
  A goblin zombie (D:4)
  18 kobolds
  5 rats
  A rat zombie (D:4)
187 creatures vanquished.

Notes
Turn   | Place    | Note
-------+----------+-------------------------------------------
     0 | D:1      | NateTC the Minotaur Fighter began the quest for the Orb.
     0 | D:1      | Reached XP level 1. HP: 19/19 MP: 0/0
    79 | D:1      | Reached skill level 3 in Axes
   305 | D:1      | Reached XP level 2. HP: 27/27 MP: 1/1
   569 | D:1      | Reached XP level 3. HP: 34/34 MP: 2/2
   980 | D:2      | Found Rinafa's Jewellery Emporium.
   982 | D:2      | Reached skill level 5 in Fighting
  1179 | D:2      | Reached XP level 4. HP: 14/42 MP: 3/3
  1929 | D:2      | Reached skill level 4 in Axes
  2150 | D:3      | Found a faded altar of an unknown god.
  2272 | D:3      | Reached XP level 5. HP: 31/50 MP: 4/4
  2573 | D:3      | Reached skill level 5 in Axes
  2771 | D:3      | Got Zinlin's Handbook of Curses and Ice
  3172 | D:4      | Found a sand-covered staircase.
  3191 | Ossuary  | Entered an ossuary
  3263 | Ossuary  | Reached skill level 6 in Axes
  3263 | Ossuary  | Reached XP level 6. HP: 55/57 MP: 5/5
  3304 | Ossuary  | Reached skill level 7 in Axes
  3395 | Ossuary  | Reached XP level 7. HP: 63/63 MP: 6/6
  3419 | Ossuary  | Reached skill level 8 in Axes
  3419 | Ossuary  | Reached skill level 5 in Shields
  3642 | D:4      | Found a large runed translucent door.
  3642 | D:4      | Found a large runed translucent door.
  3661 | D:4      | Noticed a steam dragon
  3818 | D:4      | Found a white marble altar of Elyvilon.
  3849 | D:4      | Found a large runed translucent door.
  3849 | D:4      | Found a large runed translucent door.
  3880 | D:4      | Noticed a wyvern
  3891 | D:4      | Killed a wyvern
  3892 | D:4      | Reached skill level 9 in Axes
  3892 | D:4      | Reached XP level 8. HP: 29/70 MP: 7/7
  4319 | D:4      | Found an opulent altar of Gozag.
  4326 | D:4      | Became a worshipper of Gozag Ym Sagoz the Greedy
  4492 | D:4      | Found a burning altar of Makhleb.
  4492 | D:4      | Noticed a blizzard demon
  4822 | D:5      | Entered Level 5 of the Dungeon
  4828 | D:5      | Reached skill level 5 in Armour
  4837 | D:5      | Found Poucire's Elemental Accessories.
  5064 | D:5      | Found a staircase to the Ecumenical Temple.
  5501 | D:5      | Found a shimmering blue altar of Sif Muna.
  5676 | D:5      | Reached skill level 10 in Axes
  6458 | D:6      | Reached skill level 11 in Axes
  6460 | D:6      | Reached XP level 9. HP: 21/81 MP: 8/8
  7403 | D:4      | Reached skill level 12 in Axes
  7586 | D:4      | Identified the +4 pair of boots "Aradych" {+Blink rElec rF-
                  | Stlth-}
  7945 | D:7      | Found a shadowy altar of Dithmenos.
  8311 | D:7      | Found an ornate altar of the Wu Jian Council.
  8836 | D:8      | Reached XP level 10. HP: 93/93 MP: 9/9
  8901 | D:8      | Slain by an ice devil

Illustrated notes

Levels and vault maps discovered:
D:1:      psy_arrival_terrarium, layout_basic, kennysheep_decorative_pillar,
          nicolae_figureground_sparkle
D:2:      layout_basic, serial_shops, shop_statue
D:3:      layout_loops_corners, chequers_ecumenical_altar_twisty
D:4:      layout_cave_pods, grunt_gozag_statues,
          nicolae_elyvilon_peaceful_grove, makhleb_altar_promises_db,
          enter_ossuary_4, minmay_hollow_rounded_squares
D:5:      layout_basic, nicolae_sif_muna_little_library,
          lemuel_temple_firewalk_a, nicolae_elemental_shop
D:6:      layout_loops_ring, kennysheep_generic_room_11
D:7:      layout_loops_cross, kennysheep_little_box, nzn_wu_jian_contemplation,
          hangedman_abyss_or_decor_lesser_grid
D:8:      layout_loops_cross, hellmonk_guarded_unrand_frostbite

Skill      XL: |  1  2  3  4  5  6  7  8  9 10 |
---------------+-------------------------------+-----
Axes           | 3 4 6 7 9 11 12 | 12.4
Fighting       | 4 5 6 7 9 |  9.9
Shields        | 4 5 6 7 |  7.0
Armour         | 4 5 6 |  6.6

Action                   |  1- 3 |  4- 6 |  7- 9 | 10-12 || total
-------------------------+-------+-------+-------+-------++-------
Melee: War axe           |    91 |   140 |   263 |    13 ||   507
       Headbutt          |    10 |    24 |    47 |     3 ||    84
  Use: Scroll            |     2 |     9 |     4 |     1 ||    16
       Potion            |       |       |     2 |     1 ||     3
 Stab: Distracted        |       |       |       |     1 ||     1
Armor: Scale mail        |    29 |    60 |    58 |       ||   147
       Chain mail        |       |       |    30 |     7 ||    37
Dodge: Dodged            |    45 |    84 |   115 |    11 ||   255
Block: Buckler           |    23 |    30 |    47 |    11 ||   111

Table legend: (Time is in decaauts)
 A = Elapsed time spent in this place.
 B = Non-inter-level travel time spent in this place.
 C = Inter-level travel time spent in this place.
 D = Time resting spent in this place.
 E = Time spent auto-exploring this place.
 F = Levels seen in this place.
 G = Mean time per level.
                   A        B        C        D        E       F      G
               +--------+--------+--------+--------+--------+-----+--------+
         Total |   8989 |   8641 |    348 |   2452 |   2472 |   9 |  998.8 |
       Dungeon |   8648 |   8300 |    348 |   2291 |   2472 |   8 | 1081.0 |
       Ossuary |    340 |    340 |      0 |    161 |      0 |   1 |  340.0 |
               +--------+--------+--------+--------+--------+-----+--------+

Top non-repeatable levels by time:
     D:4: 1604 daAuts
     D:5: 1543 daAuts
     D:1: 1195 daAuts
     D:6: 1066 daAuts
     D:3: 1041 daAuts
     D:2: 975 daAuts
     D:7: 806 daAuts
     D:8: 415 daAuts
 Ossuary: 340 daAuts
